 Dungeon Crawl Stone Soup version 0.31-a0-150-g89dc3ad700 (webtiles) character file.

Game seed: 9189409475116612745

58 qw the Shooter (level 4, -2/28 HPs)
             Began as a Gargoyle Hunter on June 8, 2023.
             Slain by a goblin
             ... wielding a +0 club
             ... led by Robin
              (5 damage)
             ... on level 2 of the Dungeon.
             The game lasted 00:00:23 (712 turns).

qw the Shooter (Gargoyle Hunter)                     Turns: 712, Time: 00:00:24

Health: -2/28      AC:  7    Str: 14    XL:     4   Next: 1%
Magic:  4/4        EV: 11    Int: 10    God:
Gold:   81         SH:  0    Dex: 15    Spells: 3/3 levels left

rFire   . . .        Y - +0 shortbow
rCold   . . .        (shield currently unavailable)
rNeg    + . .        c - +0 leather armour
rPois   inf          (no helmet)
rElec   +            (no cloak)
rCorr   .            (no gloves)
SInv    .            e - +0 pair of boots
Will    .....        (no amulet)
Stlth   ++           (no ring)
HPRegen 0.24/turn    (no ring)
MPRegen 0.09/turn

%: no passive effects
@: no status effects
A: sickness immunity, AC +3, negative energy resistance 1, electricity
resistance, torment resistance 1, petrification resistance
a: no special abilities


You were on level 2 of the Dungeon.
You visited 1 branch of the dungeon, and saw 2 of its levels.

You collected 81 gold pieces.


Innate Abilities, Weirdness & Mutations

You are immune to sickness and miasma.
Your stone body is resilient. (AC +3)
You are immune to poison.
You resist negative energy. (rN+)
You are resistant to electric shocks. (rElec)
You are resistant to unholy torment.
You are immune to petrification.


   Skills:
 - Level 3.0 Fighting
 + Level 5.1 Ranged Weapons
 - Level 1.5 Dodging
 - Level 1.1 Stealth


You had 3 spell levels left.
You didn't know any spells.
Your spell library was empty.

Inventory:

Hand Weapons
 Y - a +0 shortbow (weapon)
Armour
 c - a +0 leather armour (worn)
 e - a +0 pair of boots (worn)
Scrolls
 a - 4 scrolls of identify
Potions
 b - 2 potions of attraction {unknown}
 f - 2 potions of curing

Dungeon Overview and Level Annotations

Branches:
Dungeon (2/15)

Altars:

Annotations:
D:2 Robin


Message History

The arrow hits the hobgoblin!
You kill the hobgoblin!
The jackal bites you but does no damage.
The frilled lizard closely misses you.
The goblin hits you but does no damage. x2
The jackal barely misses you.
You shoot an arrow. The arrow hits the frilled lizard.
You kill the frilled lizard!
The jackal bites you but does no damage.
The goblin completely misses you. The goblin hits you but does no damage.
You have reached level 4!
You feel clever.
You shoot an arrow. The arrow barely misses the goblin.
The arrow barely misses the frilled lizard.
The arrow hits Robin.
Robin is moderately wounded.
The jackal closely misses you. The goblin hits you with a +0 club.
The goblin hits you with a +0 dagger. The goblin barely misses you.
The jackal barely misses you.
You shoot an arrow.
The arrow hits the goblin but does no damage.
The jackal bites you but does no damage.
The goblin hits you with a +0 club. The goblin hits you but does no damage.
The goblin misses you.
You shoot an arrow. The arrow closely misses the goblin.
The arrow hits the frilled lizard.
You kill the frilled lizard!
The jackal closely misses you. The goblin barely misses you. x2
The goblin hits you but does no damage.
The jackal bites you but does no damage.
You shoot an arrow. The arrow barely misses the goblin.
The arrow closely misses the kobold.
The arrow hits the hobgoblin.
The hobgoblin is almost dead.
The jackal bites you. The goblin closely misses you.
The goblin hits you with a +0 dagger. The goblin hits you but does no damage.
The jackal barely misses you. The goblin hits you with a +0 club. x2
The goblin closely misses you.
You shoot an arrow. The arrow hits the goblin.
You kill the goblin!
The jackal bites you but does no damage.
The goblin hits you with a +0 club.
You die...

####..........#
)#.##..#####..# .)..#..#
#..# .#.##..# #..#
####...# #..# .#...#.#
#..# ##.###.# .... #
#..# #.###########g##
..## #.##......g@gKg#
######'##.######ghg.g...
#..>....#.# #g.g.<..%
#.#.....#.# #........
#.#.......# #........
#.#.....### #########
#.'.....# ###.....#
#.....#


You could see Robin, a jackal, 2 hobgoblins, 6 goblins and a kobold.

Vanquished Creatures
  An adder (D:2)
  A dart slug (D:1)
  2 endoplasms (D:1)
  2 giant cockroaches
  10 goblins
  8 hobgoblins
  A jackal (D:2)
  3 quokkas
  3 ball pythons (D:1)
  3 bats
  2 frilled lizards (D:2)
  3 kobolds (D:1)
  2 rats
41 creatures vanquished.

Notes
Turn   | Place    | Note
-------+----------+-------------------------------------------
     0 | D:1      | qw the Gargoyle Hunter began the quest for the Orb.
     0 | D:1      | Reached XP level 1. HP: 12/12 MP: 1/1
     0 | D:1      | 0 ||| qw: Version: 0.2-a-120-gdf1a93b
     0 | D:1      | 0 ||| qw: Game counter: 3010
     0 | D:1      | 0 ||| qw: Always use a shield: true
     0 | D:1      | 0 ||| qw: God list: Okawaru
     0 | D:1      | 0 ||| qw: Allow faded altars: false
     0 | D:1      | 0 ||| qw: Do Orc after D:15 true
     0 | D:1      | 0 ||| qw: Do second Lair branch before Depths: true
     0 | D:1      | 0 ||| qw: Lair rune preference: random
     0 | D:1      | 0 ||| qw: Plans: Normal
     0 | D:1      | 0 ||| PLANNING D:1-11
    21 | D:1      | Reached XP level 2. HP: 17/17 MP: 2/2
   330 | D:1      | Reached XP level 3. HP: 21/21 MP: 3/3
   426 | D:1      | 426 ||| UPGRADING to +0 pair of boots.
   431 | D:1      | 431 ||| READING 3 scrolls labelled NUWNUE CEYSA.
   432 | D:1      | 432 ||| READING scroll labelled BEERIQINUDYLIQ.
   437 | D:1      | 437 ||| READING scroll labelled TIUBEL JYLA.
   438 | D:1      | 438 ||| DRINKING 2 blue potions.
   439 | D:1      | 439 ||| DROPPING scroll of butterflies.
   461 | D:2      | Reached skill level 5 in Ranged Weapons
   695 | D:2      | Reached skill level 3 in Fighting
   701 | D:2      | Noticed Robin
   708 | D:2      | Reached XP level 4. HP: 25/28 MP: 4/4
   711 | D:2      | HP: 5/28 [goblin/+0 club[Robin] (5)]
   712 | D:2      | Slain by a goblin

Levels and vault maps discovered:
D:1:      mushboom_english_gardens, layout_rooms, nrook_mini_backslash,
          hangedman_decor_peaks_small
D:2:      cheibrodos_greedy_goblins, layout_basic, minmay_ruptured, uniq_robin

Skill      XL: |  1  2  3 |
---------------+----------+-----
Ranged Weapons | 5 |  5.1
Fighting       | 3 |  3.0
Dodging        | |  1.5
Stealth        | |  1.1

Action                     |  1- 3 |  4- 6 || total
---------------------------+-------+-------++-------
   Fire: Shortbow          |    99 |     5 ||   104
    Use: Scroll            |     3 |       ||     3
         Potion            |     1 |       ||     1
 Armour: Leather armour    |    33 |     6 ||    39
  Dodge: Dodged            |    34 |    10 ||    44

Table legend:
 A = Non-vault XP
 B = Vault XP
 C = Vault XP percentage of total XP
 D = Non-vault monster count
 E = Vault monster count
 F = Vault count percentage of total count
                 A         B        C        D         E       F
            +---------+---------+-------+---------+---------+-------
      Total |      59 |      26 |  30.6 |      27 |      14 |  34.1
            +---------+---------+-------+---------+---------+-------
        D:1 |      37 |       0 |   0.0 |      21 |       0 |   0.0
        D:2 |      22 |      26 |  54.2 |       6 |      14 |  70.0
            +---------+---------+-------+---------+---------+-------
